 Dungeon Crawl Stone Soup version 0.19-a0-1291-gc8f5409 (webtiles) character file.

1946 PurpleRed the Destroyer (level 8, -1/61 HPs)
             Began as a Deep Elf Conjurer on Aug 30, 2016.
             Slain by a worker ant (4 damage)
             ... on level 6 of the Dungeon.
             The game lasted 00:20:51 (2437 turns).

PurpleRed the Destroyer (Deep Elf Conjurer)         Turns: 2437, Time: 00:20:52

Health: -1/61      AC: 24    Str:  5    XL:     8   Next: 98%
Magic:  17/22      EV:  2    Int: 23    God:
Gold:   301        SH:  0    Dex: 15    Spells: 4 memorised, 12 levels left

rFire  . . .     SeeInvis .     i - +4 Vampire's Tooth {vamp}
rCold  . . .     Gourm    .     (armour currently unavailable)
rNeg   + + +     Faith    .     (no shield)
rPois  +         Spirit   .     (helmet currently unavailable)
rElec  .         Dismiss  .     (cloak currently unavailable)
rCorr  .         Reflect  .     (gloves currently unavailable)
MR     .....     Harm     .     (boots currently unavailable)
Stlth  +++....... NoTele   +    (no amulet)
                                (no ring)
                                p - ring of flight

@: lethally poisoned (-1 -> -13), tree-form
A: no striking features
a: no special abilities


You were on level 6 of the Dungeon.
You were not hungry.
You were a tree.
You visited 2 branches of the dungeon, and saw 9 of its levels.

You collected 301 gold pieces.

Inventory:

Hand Weapons
 e - a +4 quarterstaff of chaos
 i - the +4 Vampire's Tooth (weapon) {vamp}
   (You found it on level 4 of the Dungeon)

   It inflicts no extra harm, but heals its wielder somewhat when it strikes a
   living foe.
Missiles
 l - 6 curare-tipped needles
Armour
 a - a +0 robe (melded)
 g - a +0 cloak (melded)
 j - a +1 pair of gloves (melded)
 y - the cursed -1 helmet "Nitwolel" (melded) {rElec rC+}
   (You found it on level 6 of the Dungeon)

   It protects you from cold.
   It insulates you from electricity.
   It has a curse placed upon it.
Jewellery
 p - a ring of flight (left branch)
Wands
 s - a wand of paralysis (7/24)
 x - a wand of paralysis (7/24)
Scrolls
 d - a scroll of recharging
 h - 4 scrolls of teleportation
 n - a scroll of fog
 w - 2 scrolls of blinking
Potions
 k - a potion of heal wounds {unknown}
 m - a potion of magic {unknown}
 r - a potion of berserk rage {unknown}
 t - a potion of curing {unknown}
 u - 2 potions of lignification
 v - 2 potions of cure mutation {unknown}
 z - 2 potions of agility {unknown}
Books
 b - a book of Conjurations

   Spells                             Type                      Level
   a - Magic Dart                     Conjuration                  1
   b - Searing Ray                    Conjuration                  2
   c - Dazzling Spray                 Conjuration/Hexes            3
   d - Fulminant Prism                Conjuration/Hexes            4
   e - Iskenderun's Mystic Blast      Conjuration                  4
   f - Iskenderun's Battlesphere      Conjuration/Charms           5
Comestibles
 c - 3 bread rations
 f - a beef jerky
 o - a slice of pizza
 q - 2 meat rations


   Skills:
 - Level 2.4 Dodging
 - Level 2.4 Stealth
 + Level 8.6 Spellcasting
 * Level 10.4 Conjurations
 + Level 6.7 Charms


You had 12 spell levels left.
You knew the following spells:

 Your Spells              Type           Power        Failure   Level  Hunger
a - Magic Dart            Conj           ####         1%          1    None
b - Searing Ray           Conj           ######       1%          2    None
c - Iskenderun's Mystic   Conj           ######..     1%          4    ##.....
d - Iskenderun's Battles  Conj/Chrm      #####...     8%          5    #####..


Dungeon Overview and Level Annotations

Branches:
Dungeon (8/15)             Temple (1/1) D:5
   Lair: D:8-11

Altars:
Ashenzari
Cheibriados
Dithmenos
Elyvilon
Fedhas
Gozag
Kikubaaqudgha
Okawaru
Qazlal
Ru
Sif Muna
Trog
Uskayaw
Xom
Zin
The Shining One

Shops:
D:7 }

Annotations:
D:8 Maurice


Message History

The searing ray misses the worker ant.
* * * LOW HITPOINT WARNING * * *
You feel sick. The worker ant bites you.
* * * LOW HITPOINT WARNING * * *
You are more poisoned.
The worker ant poisons you! The worker ant misses you.
The searing ray hits the worker ant.
The worker ant is almost dead.
* * * LOW HITPOINT WARNING * * *
You feel sick. The worker ant bites you.
* * * LOW HITPOINT WARNING * * *
Unknown command.
It was a potion of lignification.
You turn into a tree.
Your +0 cloak melds into your body.
The cursed -1 helmet "Nitwolel" {rElec rC+} melds into your body.
Your +1 pair of gloves melds into your body.
Your +0 robe melds into your body.
Your roots penetrate the ground.
* * * LOW HITPOINT WARNING * * *
You feel sick. The worker ant bites you.
You die...

.....................#
.............._.....##
..).................#
....................####
##'########+###........#
#... .... #........#
#.... .?... #........#
#.... ......#........#
###### #....'a♣......#
..#...#........# #..
########## ... .#. .. #


You could see a worker ant.

Vanquished Creatures
  Grinder (D:4)
  Menkaure (D:6)
  An orc warrior (D:6)
  2 ogres
  2 sky beasts
  A centaur (D:6)
  2 giant frogs
  3 scorpions
  Dowan (D:4)
  2 vampire bats (D:4)
  2 crimson imps
  A giant frog zombie (D:7)
  A giant frog skeleton (D:4)
  Crazy Yiuf (D:5)
  2 orc priests
  7 hounds
  2 orc wizards (D:4)
  Natasha (D:4)
  3 worker ants
  2 killer bee zombies
  2 adders (D:4)
  An adder skeleton (D:7)
  2 worms
  2 giant geckos
  8 orcs
  10 bats
  5 giant cockroaches
  7 goblins
  3 hobgoblins
  14 jackals
  4 kobolds
  A quokka (D:7)
  A ball python (D:1)
  7 giant newts
  A quokka zombie (D:6)
  A rat (D:3)
  A fungus (D:5)
108 creatures vanquished.

Notes
Turn   | Place    | Note
-------+----------+-------------------------------------------
     0 | D:1      | PurpleRed the Deep Elf Conjurer began the quest for the Orb.
     0 | D:1      | Reached XP level 1. HP: 10/10 MP: 6/6
   123 | D:1      | Reached XP level 2. HP: 15/15 MP: 2/8
   127 | D:1      | Learned a level 2 spell: Searing Ray
   294 | D:3      | Reached skill level 5 in Conjurations
   436 | D:2      | Reached XP level 3. HP: 7/19 MP: 2/10
   543 | D:4      | Reached XP level 4. HP: 3/24 MP: 2/12
   582 | D:4      | Reached skill level 6 in Conjurations
   622 | D:4      | Noticed Dowan
   623 | D:4      | Noticed Natasha
   647 | D:4      | Reached XP level 5. HP: 17/28 MP: 9/14
   652 | D:4      | Killed Dowan
   652 | D:4      | Reached skill level 5 in Spellcasting
   704 | D:4      | Reached XP level 6. HP: 27/32 MP: 2/16
   710 | D:4      | Learned a level 4 spell: Iskenderun's Mystic Blast
   716 | D:4      | Learned a level 5 spell: Iskenderun's Battlesphere
   728 | D:4      | Noticed Grinder
   749 | D:4      | Paralysed by Grinder for 3 turns
   752 | D:4      | Killed Grinder
   752 | D:4      | Reached skill level 7 in Conjurations
   951 | D:5      | Entered Level 5 of the Dungeon
   955 | D:5      | Reached XP level 7. HP: 33/36 MP: 14/18
  1189 | D:4      | Reached skill level 8 in Conjurations
  1209 | D:4      | Killed Natasha
  1432 | D:6      | Noticed Menkaure
  1444 | D:6      | Killed Menkaure
  1444 | D:6      | Reached skill level 9 in Conjurations
  1444 | D:6      | Reached XP level 8. HP: 41/41 MP: 9/21
  1565 | D:6      | Reached skill level 5 in Charms
  1602 | D:7      | Found Dim Jost's Gadget Emporium.
  1730 | D:8      | Noticed Maurice
  1953 | D:7      | Reached skill level 10 in Conjurations
  2106 | D:5      | Found a staircase to the Ecumenical Temple.
  2122 | Temple   | Entered the Ecumenical Temple
  2226 | D:5      | Found a runed door.
  2230 | D:5      | Noticed Crazy Yiuf
  2234 | D:5      | Killed Crazy Yiuf
  2315 | D:6      | Got a brightly glowing helmet
  2321 | D:6      | Identified the cursed -1 helmet "Nitwolel" {rElec rC+} (You found it on level 6 of the Dungeon)
  2392 | D:6      | Found an iron altar of Okawaru.
  2394 | D:6      | Found a deep blue altar of Sif Muna.
  2400 | D:6      | Found a snail-covered altar of Cheibriados.
  2436 | D:6      | HP: 2/41 [worker ant (1)]
  2437 | D:6      | Slain by a worker ant

Vault maps used:
D:1:      dpeg_arrival_more_subterranean_lakeside_camping
D:2:      first_bread, minmay_misc_feat_diagonals, minmay_lizard_king
D:3:      overflow_temple_1_default, serial_curves, eino_curves_01,
          eino_curves_03
D:4:      serial_forest, infiniplex_forest_lined_room_2,
          infiniplex_forest_clump_tiny, infiniplex_forest_clump_tiny,
          infiniplex_forest_straight_1, infiniplex_forest_lined_2,
          minmay_guarded_unrand_vampires_tooth, uniq_duvessa, uniq_grinder,
          uniq_natasha
D:5:      lemuel_ice_spiral_2, serial_shops, nicolae_shop_crystal,
          uniq_crazy_yiuf_cottage
D:6:      lemuel_coloured_pillars_altar, grunt_temple_overflow_open,
          serial_shops, shop, basic_altar, uniq_menkaure
D:7:      serial_shops, shop
D:8:      nicolae_overflow_crystal_walls, kennysheep_mini,
          grunt_lair_entry_orc_guard_hut, serial_undead, serial_undead_a,
          serial_undead_a, serial_undead_a, serial_undead_b,
          hangedman_pestilent_swarm, st_stairs_8, uniq_maurice
Temple:   dshaligram_water_room_temple

Skill      XL: |  1  2  3  4  5  6  7  8 |
---------------+-------------------------+-----
Conjurations   | 5 6 7 9 10 | 10.4
Spellcasting   | 4 5 6 7 8 |  8.6
Charms         | 2 4 6 |  6.7
Dodging        | |  2.4
Stealth        | |  2.4

Action                   |  1- 3 |  4- 6 |  7- 9 || total
-------------------------+-------+-------+-------++-------
Melee: Whip              |    14 |       |       ||    14
       Short sword       |    18 |       |       ||    18
       Dagger            |       |    39 |    94 ||   133
 Cast: Magic Dart        |    36 |    16 |    35 ||    87
       Searing Ray       |     3 |     5 |    21 ||    29
       Iskenderun's Myst |       |       |     4 ||     4
       Iskenderun's Batt |       |       |     6 ||     6
  Use: Scroll            |     6 |     1 |     4 ||    11
       Potion            |       |       |     2 ||     2
 Stab: Sleeping          |       |     2 |     1 ||     3
  Eat: Bread ration      |       |     1 |       ||     1
       Chunk             |       |       |     7 ||     7
Armor: Robe              |    16 |    15 |    44 ||    75
Dodge: Dodged            |    46 |    33 |   123 ||   202
